 Dungeon Crawl Stone Soup version 0.28.0-53-g5a82cb258f (webtiles) character file.

Game seed: 5251213284568269658

41 MiltankisOP the Vexing (level 3, -1/21 HPs)
             Began as a Vampire Enchanter on June 15, 2022.
             Slain by an adder (3 damage)
             ... on level 2 of the Dungeon.
             The game lasted 00:02:58 (935 turns).

MiltankisOP the Vexing (Vampire Enchanter)           Turns: 935, Time: 00:02:58

Health: -1/21      AC:  2    Str:  7    XL:     3   Next: 32%
Magic:  2/6        EV: 12    Int: 17    God:
Gold:   75         SH:  0    Dex: 16    Spells: 4/6 levels left

rFire   . . .      SeeInvis +   i - +4 short sword
rCold   . . .      Faith    .   (no shield)
rNeg    . . .      Spirit   .   b - +0 robe
rPois   .          Reflect  .   (no helmet)
rElec   .          Harm     .   (no cloak)
rCorr   .          Rampage  .   (no gloves)
Will    .....                   (no boots)
Stlth   +++.......              (no amulet)
HPRegen 0.27/turn               (no ring)
MPRegen 0.10/turn               (no ring)

@: lethally poisoned (-1 -> -7), very slightly contaminated, healing quickly
A: alive, fangs 3, see invisible, vampiric 2, [frail 1]
a: Exsanguinate


You were on level 2 of the Dungeon.
You visited 1 branch of the dungeon, and saw 2 of its levels.

You collected 75 gold pieces.

Inventory:

Hand Weapons
 a - a +1 dagger
 e - a +1 dagger of draining
 i - a +4 short sword (weapon)
Armour
 b - a +0 robe (worn)
Scrolls
 d - a scroll of magic mapping {unknown}
 f - 2 scrolls of enchant weapon {unknown}
 h - a scroll of enchant armour {unknown}
Potions
 c - a potion of invisibility
 g - a potion of curing {unknown}
 j - a potion of heal wounds {unknown}


   Skills:
 - Level 1.1 Short Blades
 - Level 2.1 Dodging
 - Level 4.4 Stealth
 - Level 2.0 Spellcasting
 - Level 6.1 Hexes
 + Level 1.1 Ice Magic


You had 4 spell levels left.
You knew the following spells:

 Your Spells              Type           Power      Damage    Failure   Level
a - Ensorcelled Hibernat  Hex/Ice        28%        N/A       7%          2

Your spell library contained the following spells:

 Spells                   Type           Power      Damage    Failure   Level
 Confusing Touch          Hex            22%        N/A       4%          3
 Tukima's Dance           Hex            22%        N/A       4%          3
 Dazzling Flash           Conj/Hex       24%        N/A       16%         3
 Blink                    Tloc           2%         N/A       28%         2
 Manifold Assault         Tloc           1%         N/A       99%         5
 Storm Form               Tmut/Air       0%         N/A       100%        7


Dungeon Overview and Level Annotations

Branches:
Dungeon (2/15)

Altars:


Innate Abilities, Weirdness & Mutations

Your natural rate of healing is accelerated.
You have razor-sharp teeth.
You have supernaturally acute eyesight. (SInv)
You are afflicted with vampirism and can become a bat while bloodless.
[You are frail. (-10% HP)]


Message History

You feel sick. The adder closely misses you. x2
The rat twitches its whiskers.
The rat misses you. The adder barely misses you. The adder misses you.
You puncture the adder!
You kill the adder!
You feel sick. The rat bites you. The adder closely misses you.
Your Ice Magic skill increases to level 1!
You are too injured to fight recklessly!
You are too injured to fight recklessly!
You are too injured to fight recklessly!
You are too injured to fight recklessly!
You are too injured to fight recklessly!
You are too injured to fight recklessly!
Casting: Ensorcelled Hibernation (safe; 7% risk of failure)
Confirm with . or Enter, or press ? or * to list all spells.
Aiming: Ensorcelled Hibernation (safe; 7% risk of failure)
Press: ? - help, Shift-Dir - straight line, f - adder
Aim: an adder (chance to affect: 56%)
The adder resists with significant effort.
You feel sick. The rat barely misses you. The adder bites you.
You are more poisoned.
The adder poisons you!
The frilled lizard bites you but does no damage.
* * * LOW HITPOINT WARNING * * *
You feel sick. The adder bites you.
* * * LOW HITPOINT WARNING * * *
You are more poisoned.
The adder poisons you!
Casting: Ensorcelled Hibernation (safe; 7% risk of failure)
Confirm with . or Enter, or press ? or * to list all spells.
Aiming: Ensorcelled Hibernation (safe; 7% risk of failure)
Press: ? - help, Shift-Dir - straight line, f/p - adder
Aim: an adder (chance to affect: 56%)
You miscast Ensorcelled Hibernation.
You are very lightly contaminated with residual magic.
Nothing appears to happen.
* * * LOW HITPOINT WARNING * * *
You feel sick. The rat bites you but does no damage.
The frilled lizard closely misses you. The adder bites you.
You die...

...... ...........#.# ..
............. ... .
............#####... ..
.................... ..
.................... ..
.................... ..
......†l............. ..
.......S@............ ..
.......r..#..<...........
...##...###...........###
. ##..# ##..........#
....###..........#
..................#
##..#(##...........# #
##.#>.##..........# ##
#..........###.


You could see an adder, a frilled lizard and a rat.

Vanquished Creatures
  An adder (D:2)
  A dart slug (D:1)
  An endoplasm (D:2)
  A giant cockroach (D:1)
  5 goblins
  2 hobgoblins (D:1)
  3 jackals (D:1)
  3 ball pythons
  3 bats (D:1)
  A frilled lizard (D:1)
  3 kobolds (D:1)
  5 rats (D:1)
29 creatures vanquished.

Notes
Turn   | Place    | Note
-------+----------+-------------------------------------------
     0 | D:1      | MiltankisOP the Vampire Enchanter began the quest for the
                  | Orb.
     0 | D:1      | Reached XP level 1. HP: 13/13 MP: 3/3
   103 | D:1      | Reached skill level 5 in Hexes
   195 | D:1      | Reached XP level 2. HP: 19/19 MP: 5/5
   498 | D:1      | Reached skill level 6 in Hexes
   614 | D:1      | Gained mutation: You are afflicted with vampirism and can
                  | become a bat while bloodless. [Vampire growth]
   614 | D:1      | Reached XP level 3. HP: 21/21 MP: 6/6
   786 | D:1      | Learned a level 2 spell: Ensorcelled Hibernation
   933 | D:2      | Reached skill level 1 in Ice Magic
   935 | D:2      | Slain by an adder

Illustrated notes

Levels and vault maps discovered:
D:1:      onia_arrival_mini_maze, layout_basic,
          wander_ebering_terrifying_dragon_lair
D:2:      minmay_spotlight, layout_rooms, serial_shops, nicolae_lakefront_shop

Skill      XL: |  1  2  3 |
---------------+----------+-----
Hexes          | 5 6 |  6.1
Ice Magic      | 1 |  1.1
Short Blades   | |  1.1
Dodging        | |  2.1
Stealth        | |  4.4
Spellcasting   | |  2.0

Action                   || total
-------------------------++-------
Melee: Dagger            ||    49
       Bite              ||     3
       Short sword       ||    12
       Punch             ||     1
 Cast: Ensorcelled Hiber ||     1
 Abil: Exsanguinate      ||     1
       Revivify          ||     1
 Stab: Sleeping          ||    13
Armor: Robe              ||     9
Dodge: Dodged            ||    37
